cohdb
Replays
Latest Replays
All Replays
Popular Replays
Top Player Replays
Match Explorer
How It Works
Community
CoH3 Stats
Reddit
Sign in to upload your games and track your stats! →
Sign in with Steam
Match 42692219
Unlisted
Match 42692219
Overview
Messages
Build Orders
End
Construct Section Command Post
Royal Engineer Section
Dingo Light Scout Car
Infantry Section
Infantry Section
Vickers Machine Gun Team
Construct Platoon Command Post
Unlock M3 Stuart Light Tanks
M3 Stuart Light Tank
Selects Australian Defense Battlegroup
Selects Australian Light Infantry Section
M3 Stuart Light Tank
Light Vehicle Training
Selects Defensive Tactics
Selects Hold the Line!
M3 Stuart Light Tank
M3 Stuart Light Tank
M3 Stuart Light Tank
Selects CMP 15cwt Supply Run
Selects Reinforced Resource Caches
Australian Light Infantry Section
Infantry Training
HulkSMASH
⚓️Ruby⚓
*Mule
FeriG
0
0
Comments
sign in to comment!
No comments posted yet!